 Dungeon Crawl Stone Soup version 0.21.1-68-g103a7af (webtiles) character file.

1617 eccles the Cleaver (level 8, -9/109 HPs)
             Began as a Minotaur Berserker on July 31, 2018.
             Was an Elder of Trog.
             Mangled by an orc warrior
             ... wielding a +0 trident
              (13 damage)
             ... on level 7 of the Dungeon on Aug 1, 2018.
             The game lasted 00:30:11 (5570 turns).

eccles the Cleaver (Minotaur Berserker)             Turns: 5570, Time: 00:30:13

Health: -9/109     AC: 12    Str: 27    XL:     8   Next: 64%
Magic:  9/16       EV:  9    Int:  4    God:    Trog [****..]
Gold:   90         SH:  0    Dex: 12    Spells: 7/7 levels left

rFire    + . .     SeeInvis .   a - +0 war axe
rCold    . . .     Gourm    .   (no shield)
rNeg     . . .     Faith    .   l - +0 plate armour
rPois    +         Spirit   .   (helmet restricted)
rElec    +         Reflect  .   (no cloak)
rCorr    .         Harm     .   (no gloves)
MR       +....                  (no boots)
Stlth    ..........             (no amulet)
HPRegen  0.28/turn              p - ring of protection from magic
MPRegen  0.15/turn              B - ring "Zaarchato" {rElec rF+ MP+9}

@: berserking, very quick
A: retaliatory headbutt, horns 2, talons 1, poison resistance
a: Berserk, Trog's Hand, Brothers in Arms, Burn Spellbooks, Renounce Religion


You were on level 7 of the Dungeon.
You worshipped Trog.
Trog was greatly pleased with you.
You were hungry.

You visited 1 branch of the dungeon, and saw 7 of its levels.

You collected 266 gold pieces.
You spent 176 gold pieces at shops.

Inventory:

Hand Weapons
 a - a +0 war axe (weapon)
 g - a +1 hand axe
 k - a cursed +0 battleaxe
Missiles
 r - 17 tomahawks (quivered)
Armour
 b - a +0 animal skin
 l - a +0 plate armour (worn)
 q - a +0 scale mail
Jewellery
 n - an uncursed ring of ice
 p - a ring of protection from magic (left hand)
 v - an uncursed ring of protection from fire
 B - the ring "Zaarchato" (right hand) {rElec rF+ MP+9}
   (You found it on level 7 of the Dungeon)

   [ring of magical power]

   It protects you from fire.
   It insulates you from electricity.
   It affects your magic capacity (+9).
Wands
 d - a wand of acid (8)
 i - a wand of random effects (24)
Scrolls
 e - 2 scrolls of teleportation
 h - a scroll of fear
 m - a scroll of enchant armour {unknown}
 s - 2 scrolls of magic mapping
 t - 3 scrolls of remove curse
 x - a scroll of summoning {unknown}
 y - a scroll of random uselessness {unknown}
 A - a scroll of vulnerability {unknown}
Potions
 j - 4 potions of curing
 o - 3 potions of heal wounds
 u - 2 potions of haste {unknown}
 w - a potion of resistance {unknown}
 z - a potion of magic {unknown}
Comestibles
 c - 6 rations
 f - 5 chunks of flesh


   Skills:
 + Level 7.2 Fighting
 + Level 9.5 Axes
 + Level 6.5 Armour
 + Level 4.0 Dodging
 + Level 1.0 Stealth


You had 7 spell levels left.
You didn't know any spells.

Dungeon Overview and Level Annotations

Branches:
Dungeon (7/15)
 Temple: D:4-7

Altars:
Dithmenos
Elyvilon
Fedhas
Yredelemnul

Shops:
D:4 !![   D:6 =


Innate Abilities, Weirdness & Mutations

You reflexively headbutt those who attack you in melee.
You have a pair of horns on your head.
You have sharp toenails.
Your system is resistant to poisons. (rPois)


Message History

The orc warrior hits you with a trident!
* * * LOW HITPOINT WARNING * * *
A red film seems to cover your vision as you go berserk!
You feel yourself moving faster!
You feel mighty!
You are feeling hungry.
The water moccasin bites you.
* * * LOW HITPOINT WARNING * * *
The hound barely misses you.
The orc priest mumbles some strange prayers to Beogh against you.
You resist with some effort. The water moccasin bites you.
* * * LOW HITPOINT WARNING * * *
The hound barely misses you.
You barely miss the orc priest. Your kick misses the orc priest.
The orc priest is almost dead.
You barely miss the water moccasin.
Your plate armour prevents you from hitting the orc warrior.
You completely miss the hound.
The orc priest hits you but does no damage.
The orc warrior hits you with a trident!
You die...

#...............>)....
#...#.###.######...###
#####.# #.# #≈≈...≈≈#
#..# #.# #≈r.♣..≈#
#.## #.# ..[.......
#.# ...#....♣._.♣..
####.##.#...#.........
#.........####≈..♣..≈#
#...)@o.### #≈≈...≈
#...hoS.....#
#####...#....
#......## ....####
..### ..# ##.#


You could see an orc warrior, a water moccasin, a hound and an orc priest.

Vanquished Creatures
  3 ogres
  A centaur (D:6)
  2 bullfrogs (D:6)
  5 wights (D:4)
  6 crimson imps
  2 bullfrog zombies
  A centaur zombie (D:7)
  3 hounds
  An orc priest (D:6)
  3 bullfrog skeletons
  A gnoll shaman (D:6)
  4 orc wizards
  An iguana (D:5)
  A worker ant (D:3)
  A howler monkey zombie (D:5)
  6 gnolls (D:6)
  10 adders
  A shadow imp (D:6)
  An ooze (D:3)
  3 worms
  A dart slug (D:1)
  3 leopard geckos
  11 orcs
  6 giant cockroaches
  2 gnoll zombies (D:4)
  12 goblins
  7 hobgoblins
  9 jackals
  3 quokkas
  2 ball pythons
  12 bats
  9 frilled lizards
  9 kobolds
  A leopard gecko zombie (D:5)
  11 rats
154 creatures vanquished.

Vanquished Creatures (others)
  A hippogriff (D:6)
  3 gnolls (D:6)
  A giant cockroach (D:6)
  A quokka (D:7)
6 creatures vanquished.

Grand Total: 160 creatures vanquished

Notes
Turn   | Place    | Note
-------+----------+-------------------------------------------
     0 | D:1      | eccles the Minotaur Berserker began the quest for the Orb.
     0 | D:1      | Reached XP level 1. HP: 19/19 MP: 0/0
   119 | D:1      | Reached XP level 2. HP: 24/27 MP: 1/1
   207 | D:1      | Reached skill level 4 in Axes
   878 | D:2      | Reached XP level 3. HP: 33/33 MP: 2/2
  1096 | D:2      | Found a blossoming altar of Fedhas.
  1117 | D:2      | Reached ** piety under Trog
  1982 | D:2      | Found a shadowy altar of Dithmenos.
  2152 | D:3      | Reached XP level 4. HP: 40/41 MP: 3/3
  2221 | D:3      | Reached skill level 5 in Axes
  2223 | D:3      | Gained mutation: Your system is resistant to poisons. (rPois) [potion of mutation]
  2223 | D:3      | Gained mutation: You are covered in fur. (AC +1) [potion of mutation]
  2223 | D:3      | Lost mutation: You are covered in fur. (AC +1) [potion of mutation]
  2223 | D:3      | Gained mutation: You have sharp toenails. [potion of mutation]
  2237 | D:3      | HP: 2/41 [poisoned by an adder]
  2243 | D:3      | HP: 1/41 [poisoned by an adder]
  2530 | D:3      | Reached XP level 5. HP: 47/47 MP: 4/4
  2893 | D:4      | Reached skill level 5 in Fighting
  2912 | D:4      | Reached *** piety under Trog
  2937 | D:4      | Reached XP level 6. HP: 25/56 MP: 5/5
  2941 | D:4      | Reached skill level 6 in Axes
  3359 | D:4      | Reached skill level 7 in Axes
  3723 | D:4      | Upgraded the game from 0.21.1-1-g345015f to 0.21.1-68-g103a7af
  3798 | D:4      | Found Poirez's Distillery.
  3809 | D:4      | Bought a potion of curing for 33 gold pieces
  3809 | D:4      | Bought a potion of heal wounds for 55 gold pieces
  3809 | D:4      | Bought a potion of curing for 33 gold pieces
  3809 | D:4      | Bought a potion of heal wounds for 55 gold pieces
  3832 | D:4      | Found Micyxtih's Antique Armour Shop.
  3881 | D:4      | Found a basalt altar of Yredelemnul.
  4092 | D:4      | Found Huloirchi's Distillery.
  4267 | D:5      | Entered Level 5 of the Dungeon
  4288 | D:5      | Reached XP level 7. HP: 61/61 MP: 6/6
  4462 | D:5      | Reached skill level 8 in Axes
  4490 | D:5      | Reached skill level 5 in Armour
  4920 | D:6      | Reached XP level 8. HP: 61/70 MP: 7/7
  5027 | D:6      | Killed a hippogriff
  5115 | D:6      | Reached **** piety under Trog
  5189 | D:6      | Reached skill level 9 in Axes
  5205 | D:6      | Found Kisix's Jewellery Shoppe.
  5221 | D:6      | Reached skill level 1 in Stealth
  5470 | D:7      | Found a white marble altar of Elyvilon.
  5539 | D:7      | Got a heavily runed tin ring
  5556 | D:7      | Identified the ring "Zaarchato" {rElec rF+ MP+9} (You found it on level 7 of the Dungeon)
  5569 | D:7      | HP: 4/109 [water moccasin (4)]
  5570 | D:7      | Mangled by an orc warrior

Skill      XL: |  1  2  3  4  5  6  7  8 |
---------------+-------------------------+-----
Fighting       | 4 5 6 7 |  7.2
Axes           | 4 5 7 8 9 |  9.5
Dodging        | 3 4 |  4.0
Armour         | 3 5 6 |  6.5
Stealth        | 1 |  1.0

Action                   |  1- 3 |  4- 6 |  7- 9 || total
-------------------------+-------+-------+-------++-------
Melee: Hand axe          |   121 |    18 |       ||   139
       Headbutt          |    10 |    23 |    33 ||    66
       War axe           |       |    87 |   142 ||   229
       Kick              |       |    22 |    40 ||    62
Invok: Trog's Hand       |       |     1 |       ||     1
       Berserk           |       |     1 |     1 ||     2
  Use: Scroll            |       |    12 |     1 ||    13
       Potion            |       |     2 |       ||     2
  Eat: Chunk             |     1 |     7 |     5 ||    13
       Ration            |     1 |       |       ||     1
Armor: Animal skin       |    17 |       |       ||    17
       Scale mail        |     6 |     9 |       ||    15
       Plate armour      |       |    42 |    94 ||   136
Dodge: Dodged            |    85 |    42 |    69 ||   196
